[Event "Titled Tuesday Blitz April 05 Early 2022"]
[White "Artemenko, Oleg"]
[Black "Sjugirov, Sanan"]
[WhiteFideId "14201798"]
[BlackFideId "4189302"]
[WhiteElo "2287"]
[BlackElo "2602"]
[Result "0-1"]
[Round "02"]
[TimeControl "180+1"]
[Date "2022.04.05"]
[WhiteClock "0:00:49"]
[BlackClock "0:00:15"]

1. d4 Nf6 2. Nc3 d5 3. Bf4 Bf5 4. f3 e6 5. g4 Bg6 6. h4 h5 7. g5 Nfd7 8. e3 a6 9. Bd3 Bxd3 10. Qxd3 g6 11. Nge2 Nc6 12. O-O-O Nb6 13. e4 Bg7 14. exd5 exd5 15. Qe3+ Kf8 16. Be5 Nc4 17. Bxg7+ Kxg7 18. Qf4 Re8 19. Rhe1 Ne3 20. Rd2 Ng2 21. Qf6+ Kg8 22. Rh1 Qxf6 23. gxf6 Rad8 24. Rh2 Ne3 25. Rh1 Re6 26. Re1 Rxf6 27. Rd3 Ng2 28. Rh1 Kg7 29. Rdd1 Rxf3 30. Rh2 Ne3 31. Rg1 Ng4 32. Rhg2 Ne7 33. Re1 Nf5 34. Ng1 Rf4 35. Nge2 Rf2 36. Rxf2 Nxf2 37. Nf4 c6 38. Na4 Ne4 39. c4 Nxh4 40. Nc5 Nxc5 41. dxc5 dxc4 42. Re7 Kf6 43. Rxb7 Nf5 44. Rb6 Nd4 45. Rxa6 h4 46. Ra4 g5 47. Nh3 g4 48. Nf2 g3 49. Ng4+ Kf5 50. Nh6+ Kf4 51. Ra7 Rf8 52. Re7 g2 53. Re1 g1=Q 54. Rxg1 Ne2+ 55. Kc2 Nxg1 56. a4 h3 57. Ng4 Kxg4 58. b4 cxb3+ 59. Kb2 h2 60. a5 h1=Q 61. a6 Qg2+ 62. Ka3 Qa2+ 63. Kb4 Qxa6 64. Kc3 Qb5 65. Kb2 Qc4 66. Kb1 Qc2+ 0-1


[Site "https://www.chess.com"]

[Event "Titled Tuesday Blitz April 05 Early 2022"]
[White "Avazkhonov, Alikhon"]
[Black "Tasev, Dejan"]
[WhiteFideId "14208504"]
[BlackFideId "936618"]
[WhiteElo "1739"]
[BlackElo "2253"]
[Result "0-1"]
[Round "02"]
[TimeControl "180+1"]
[Date "2022.04.05"]
[WhiteClock "0:00:02"]
[BlackClock "0:00:13"]

1. e4 e5 2. Nf3 Nf6 3. Nxe5 Nc6 4. Nxc6 dxc6 5. e5 Ne4 6. d4 Qh4 7. Qf3 Ng5 8. Qf4 Qxf4 9. Bxf4 Ne6 10. Be3 b6 11. Nd2 Bb7 12. O-O-O O-O-O 13. Nf3 c5 14. Ng5 Nxg5 15. Bxg5 Rxd4 16. Rxd4 cxd4 17. Bc4 f6 18. exf6 gxf6 19. Bxf6 Bh6+ 20. Kb1 Rf8 21. Be6+ Kb8 22. Bxd4 Bxg2 23. Rg1 Be4 24. Rg8 Rxg8 25. Bxg8 Bf4 26. h4 c5 27. Bg7 Kc7 28. h5 h6 29. Bf7 Kd6 30. Bf8+ Kd7 31. b3 a5 32. Kb2 Be5+ 33. c3 Bf4 34. a4 Kc6 35. b4 cxb4 36. cxb4 axb4 37. Bxb4 Be5+ 38. Bc3 Bf4 39. Bg6 Bd5 40. Ka3 Bd6+ 41. Kb2 Bf4 42. Bc2 Bf3 43. Bd3 Bxh5 44. Bb5+ Kc7 45. Bc4 Be8 46. a5 bxa5 47. Bxa5+ Kc6 48. Bb4 h5 49. Kb3 h4 50. Bf1 Bf7+ 51. Kc3 Be6 52. Bg2+ Kd7 53. Be4 h3 54. Bc5 Be5+ 55. Bd4 Bf4 56. Be3 Bc7 57. Kd2 Kd6 58. f4 Ke7 59. f5 Bd7 60. Bg5+ Kf7 61. Bd5+ Kf8 62. f6 Bd6 63. Bh6+ Ke8 64. f7+ Kd8 65. f8=Q+ Bxf8 66. Bxf8 h2 67. Bc5 Kc7 68. Ke3 Bc6 69. Bd6+ Kxd6 70. Bh1 Bxh1 71. Kf2 Bc6 0-1


[Site "https://www.chess.com"]

[Event "Titled Tuesday Blitz April 05 Early 2022"]
[White "Bacrot, Etienne"]
[Black "Arabidze, Meri"]
[WhiteFideId "605506"]
[BlackFideId "13604040"]
[WhiteElo "2673"]
[BlackElo "2335"]
[Result "1-0"]
[Round "02"]
[TimeControl "180+1"]
[Date "2022.04.05"]
[WhiteClock "0:00:32"]
[BlackClock "0:00:17"]

1. e4 c5 2. Nf3 e6 3. b3 Nc6 4. Bb2 Nf6 5. e5 Ng4 6. h3 Nh6 7. g4 d6 8. exd6 Qxd6 9. Na3 f6 10. g5 fxg5 11. Nxg5 Nd4 12. Bg2 Qe5+ 13. Ne4 Be7 14. Nc4 Qf4 15. Bxd4 cxd4 16. Qh5+ g6 17. Qb5+ Kf8 18. O-O-O Nf5 19. Rhe1 Kg7 20. Nc5 Qxf2 21. Bxb7 Rb8 22. Nxe6+ Bxe6 23. Rxe6 Rhd8 24. Qe5+ Kh6 25. Be4 Bd6 26. Nxd6 1-0


[Site "https://www.chess.com"]

[Event "Titled Tuesday Blitz April 05 Early 2022"]
[White "Bas Mas, Jose Joaquin"]
[Black "Pourkashiyan, Atousa"]
[WhiteFideId "22219064"]
[BlackFideId "12502014"]
[WhiteElo "2212"]
[BlackElo "2247"]
[Result "1-0"]
[Round "02"]
[TimeControl "180+1"]
[Date "2022.04.05"]
[WhiteClock "0:00:57"]
[BlackClock "0:00:16"]

1. e4 c5 2. Nc3 a6 3. g3 b5 4. Bg2 Bb7 5. Nh3 Nf6 6. d3 e6 7. O-O b4 8. Ne2 Be7 9. f4 d5 10. e5 Nfd7 11. g4 Nc6 12. c3 bxc3 13. bxc3 d4 14. cxd4 cxd4 15. Rb1 Qc7 16. Nf2 Rb8 17. Ne4 O-O 18. Qe1 Nc5 19. Nxc5 Bxc5 20. Qh4 Ne7 21. Bxb7 Rxb7 22. Bd2 Nd5 23. Qh3 Rfb8 24. Rxb7 Qxb7 25. Nc1 Ne3 26. Re1 Qb2 27. Nb3 Rxb3 28. axb3 Qxd2 29. Qg3 Qxd3 30. f5 exf5 31. e6 fxe6 32. gxf5 Qxf5 33. Qb8+ Bf8 34. Qg3 h6 35. b4 d3 36. Qxe3 Bxb4 37. Qxe6+ Qxe6 38. Rxe6 a5 39. Kf1 Kf7 40. Ra6 d2 41. Ke2 Bc3 42. h3 Bb4 43. Kd1 Kg8 44. Rc6 Kh7 45. h4 g5 46. h5 a4 47. Rc4 Ba5 48. Rxa4 Bc3 49. Ra6 Kg7 50. Rg6+ Kh7 51. Kc2 Bb4 52. Re6 Ba5 53. Ra6 Bb4 54. Rb6 Ba5 55. Rb5 Bc7 56. Kxd2 Bf4+ 57. Ke2 g4 58. Rb4 Bg5 59. Rxg4 Kg7 60. Kf3 Kf6 61. Ra4 Bc1 62. Kg4 Bd2 63. Ra6+ Kg7 64. Kf5 Bc3 65. Rg6+ Kh7 66. Ke6 Bg7 67. Kf7 Kh8 68. Ra6 Kh7 69. Ra8 Be5 70. Ra5 Bg7 71. Ra4 Be5 72. Rg4 Bh8 73. Ke6 Bc3 74. Kf5 Bg7 75. Rg6 Bh8 76. Re6 Bg7 77. Re7 Kg8 78. Kg6 Kh8 79. Re8+ Bf8 80. Rxf8# 1-0


[Site "https://www.chess.com"]

[Event "Titled Tuesday Blitz April 05 Early 2022"]
[White "Bashirli, Saadat"]
[Black "Horak, Martin"]
[WhiteFideId "13429990"]
[BlackFideId "367095"]
[WhiteElo "1173"]
[BlackElo "1997"]
[Result "0-1"]
[Round "02"]
[TimeControl "180+1"]
[Date "2022.04.05"]
[WhiteClock "0:00:21"]
[BlackClock "0:00:48"]

1. d4 Nf6 2. Bg5 d5 3. Nd2 c5 4. e3 Qb6 5. dxc5 Qxb2 6. Ngf3 e6 7. Nd4 a6 8. Bd3 Bxc5 9. N4b3 Be7 10. O-O O-O 11. Qf3 Nc6 12. c4 Ne5 13. Qe2 Nxd3 14. Qxd3 Rd8 15. Rfb1 Qe5 16. Bf4 Qh5 17. cxd5 Nxd5 18. Qc4 b5 19. Qe4 Bb7 20. Qc2 Nxf4 21. exf4 Rac8 22. Qd1 Qg6 23. Qf1 Bf6 24. Na5 Bd5 25. Kh1 Bxa1 26. Rxa1 Qxg2+ 27. Qxg2 Bxg2+ 28. Kxg2 Rxd2 29. Re1 g6 30. Nb3 Rxa2 31. Nd4 Rc4 32. Nf3 Rxf4 33. Rc1 Kg7 34. Rc7 b4 35. Ne5 Rfxf2+ 36. Kg3 Rf5 37. Nc4 Rc2 38. Nd6 Rxc7 39. Ne8+ Kf8 40. Nxc7 b3 41. Nxa6 b2 42. Nb8 b1=Q 43. Nd7+ Kg7 44. h4 Qd3+ 45. Kg4 Qe4+ 46. Kg3 Rf3+ 47. Kg2 Qe2+ 48. Kg1 Rf1# 0-1


[Site "https://www.chess.com"]

[Event "Titled Tuesday Blitz April 05 Early 2022"]
[White "Becerra, Juan David"]
[Black "Khripachenko, Alexander"]
[WhiteFideId "4404998"]
[BlackFideId "54184975"]
[WhiteElo "2277"]
[BlackElo "2193"]
[Result "0-1"]
[Round "02"]
[TimeControl "180+1"]
[Date "2022.04.05"]
[WhiteClock "0:00:29"]
[BlackClock "0:02:16"]

1. e4 c5 2. c3 Nf6 3. e5 Nd5 4. d4 cxd4 5. cxd4 d6 6. f4 Nc6 7. Nc3 dxe5 8. fxe5 Bf5 9. a3 e6 10. Nf3 Be7 11. Bd3 Bg4 12. Be4 O-O 13. Qd3 f5 14. Bxd5 exd5 15. O-O Qd7 16. h3 Bh5 17. Bf4 Nd8 18. Rad1 Ne6 19. Bc1 a6 20. b4 Rac8 21. Ne2 g5 22. Bb2 Bg6 23. Qd2 f4 24. Rc1 Qb5 25. Nc3 Qd7 26. Qd1 Rc4 27. Na4 Rxc1 28. Bxc1 Qb5 29. Nc5 Nd8 30. h4 b6 31. Nb3 h6 32. hxg5 hxg5 33. g3 Ne6 34. gxf4 gxf4 35. Kf2 Kf7 36. Rg1 Rc8 37. Nbd2 Qd3 38. Qe2 Qxe2+ 39. Kxe2 Rc2 40. Kd1 Ra2 41. Nb3 Bc2+ 0-1


[Site "https://www.chess.com"]

[Event "Titled Tuesday Blitz April 05 Early 2022"]
[White "Begunov, Konstantin"]
[Black "Maximov, Dmitry"]
[WhiteFideId "4118510"]
[BlackFideId "14105659"]
[WhiteElo "2458"]
[BlackElo "2743"]
[Result "0-1"]
[Round "02"]
[TimeControl "180+1"]
[Date "2022.04.05"]
[WhiteClock "0:00:02"]
[BlackClock "0:00:04"]

1. d4 Nf6 2. c4 g6 3. f3 Bg7 4. e4 O-O 5. Nc3 d6 6. Be3 b6 7. Bd3 a6 8. Nge2 c5 9. d5 e6 10. dxe6 Bxe6 11. Qd2 Nc6 12. O-O Ne5 13. b3 Rb8 14. Nf4 Qd7 15. a4 Rfd8 16. Rad1 Qe7 17. Be2 Nc6 18. Ncd5 Bxd5 19. Nxd5 Nxd5 20. cxd5 Nb4 21. Rfe1 b5 22. Bf2 bxa4 23. bxa4 Rb7 24. f4 Qe8 25. a5 Qa4 26. Bf3 Nc2 27. Rf1 Rb2 28. e5 dxe5 29. fxe5 Bxe5 30. Qg5 f6 31. Qh6 Qf4 32. Qxf4 Bxf4 33. Bxc5 Be3+ 34. Bxe3 Nxe3 35. Rb1 Rd2 36. Rfe1 Nxd5 37. Rb7 f5 38. h4 f4 39. Bg4 Ne3 40. Bf3 Ra2 41. Rc1 Rxa5 42. Rcc7 Nf5 43. Be4 Ra1+ 44. Kh2 Nh6 45. Rg7+ Kf8 46. Rxh7 Ng4+ 47. Kh3 Nf2+ 48. Kh2 Rh1# 0-1


[Site "https://www.chess.com"]

[Event "Titled Tuesday Blitz April 05 Early 2022"]
[White "Bettalli, Francesco"]
[Black "Bongo Akanga Ndjila, Barthelemy"]
[WhiteFideId "2816453"]
[BlackFideId "10609431"]
[WhiteElo "2216"]
[BlackElo "1768"]
[Result "1-0"]
[Round "02"]
[TimeControl "180+1"]
[Date "2022.04.05"]
[WhiteClock "0:00:04"]
[BlackClock "0:00:27"]

1. d4 Nf6 2. Nc3 g6 3. e4 d6 4. Bf4 Bg7 5. Qd2 c6 6. O-O-O Qc7 7. Bh6 O-O 8. h4 Ng4 9. Bxg7 Kxg7 10. f3 Nf6 11. g4 h5 12. Bd3 hxg4 13. h5 Rh8 14. Qg5 Rxh5 15. Rxh5 Nxh5 16. fxg4 Nf6 17. e5 Nxg4 18. Rf1 dxe5 19. Nf3 exd4 20. Nxd4 Qe5 21. Bf5 Qe3+ 22. Qxe3 Nxe3 23. Bxc8 Nxf1 24. Bxb7 Nd7 25. Bxa8 Ne5 26. Nxc6 Nd7 27. Nxe7 Nb6 28. Bg2 Ng3 29. Ned5 Nd7 30. Ne3 Ne5 31. b4 f5 32. a4 f4 33. Nf1 Nf5 34. Nh2 g5 35. Ne4 g4 36. Nd2 f3 37. Ndxf3 gxf3 38. Bxf3 Nxf3 39. Nxf3 Kf7 40. Kb2 Ke7 41. Kb3 Kd7 42. c4 Kc7 43. Kc3 Ne3 44. Nd4 Nd1+ 45. Kd3 Nb2+ 46. Ke4 Nxa4 47. Nb5+ Kb6 48. Kd5 Nb2 49. Nd6 Nd3 50. c5+ Kc7 51. Nb5+ Kb7 52. c6+ Kb6 53. c7 Kb7 54. Kd6 Nb2 55. Nxa7 Kxa7 56. c8=Q Kb6 57. Qc5+ Ka6 58. Qa5+ Kb7 59. Qb5+ Ka7 60. Kc7 1-0


[Site "https://www.chess.com"]

[Event "Titled Tuesday Blitz April 05 Early 2022"]
[White "Biletskiy, Danylo"]
[Black "Legenia, Artem"]
[WhiteFideId "14155419"]
[BlackFideId "14136945"]
[WhiteElo "2087"]
[BlackElo "1936"]
[Result "1-0"]
[Round "02"]
[TimeControl "180+1"]
[Date "2022.04.05"]
[WhiteClock "0:00:04"]
[BlackClock "0:01:04"]

1. e4 d5 2. exd5 Qxd5 3. Nc3 Qa5 4. Bc4 Nf6 5. d4 Nc6 6. Ne2 Bf5 7. h3 O-O-O 8. Be3 e5 9. d5 Nb4 10. Bd2 Nxc2+ 11. Kf1 Nxa1 12. Qxa1 Qc5 13. b3 Ne4 14. Nxe4 Bxe4 15. Be3 Qa5 16. Qxe5 Bg6 17. f3 Bc5 18. Bxc5 Qxc5 19. Qd4 Qxd4 20. Nxd4 c6 21. Kf2 cxd5 22. Be2 Rhe8 23. Rc1+ Kb8 24. Rc5 f6 25. a4 Bf7 26. Bb5 Re7 27. Nf5 Rc7 28. Rxc7 Kxc7 29. Nxg7 d4 30. Bd3 Bxb3 31. g4 Bxa4 32. Ne6+ Kd7 33. Nxd8 Kxd8 34. Bxh7 Bb5 35. Ke1 a5 36. Kd2 Bc4 37. Bd3 Bd5 38. Be2 Bc6 39. f4 Ke7 40. h4 b5 41. Kd3 a4 42. Kxd4 Kd6 43. g5 fxg5 44. fxg5 b4 45. Bc4 a3 46. g6 Ke7 47. g7 1-0


[Site "https://www.chess.com"]

[Event "Titled Tuesday Blitz April 05 Early 2022"]
[White "Bortnyk, Olexandr"]
[Black "Jakubowski, Krzysztof"]
[WhiteFideId "14120828"]
[BlackFideId "1112848"]
[WhiteElo "2723"]
[BlackElo "2365"]
[Result "1-0"]
[Round "02"]
[TimeControl "180+1"]
[Date "2022.04.05"]
[WhiteClock "0:00:48"]
[BlackClock "0:00:01"]

1. e4 e5 2. Bc4 Bc5 3. d3 d6 4. Nc3 Nc6 5. Qf3 Be6 6. Nge2 Qd7 7. Be3 O-O-O 8. O-O-O Nd4 9. Bxd4 exd4 10. Bxe6 Qxe6 11. Nf4 Qh6 12. Ne2 g5 13. Qg4+ Kb8 14. Nh5 Nf6 15. Nxf6 Qxf6 16. f4 Rdg8 17. fxg5 Rxg5 18. Qf3 Qxf3 19. gxf3 Rhg8 20. Ng3 d5 21. f4 Rg4 22. Rdf1 dxe4 23. Nxe4 Be7 24. f5 Bh4 25. b4 a6 26. Kb2 b6 27. Kb3 Rg2 28. f6 Kb7 29. a4 Re2 30. Rf4 Be1 31. Rf5 Rgg2 32. Rg5 Bh4 33. Rxg2 Rxg2 34. h3 h5 35. Rf1 Rh2 36. Rf5 Rxh3 37. Rxh5 Rh2 38. b5 axb5 39. axb5 1-0


[Site "https://www.chess.com"]

[Event "Titled Tuesday Blitz April 05 Early 2022"]
[White "Brodowski, Piotr"]
[Black "Smirnov, Pavel"]
[WhiteFideId "1124480"]
[BlackFideId "4123425"]
[WhiteElo "2546"]
[BlackElo "2782"]
[Result "1/2-1/2"]
[Round "02"]
[TimeControl "180+1"]
[Date "2022.04.05"]
[WhiteClock "0:00:03"]
[BlackClock "0:00:04"]

1. c4 e6 2. Nf3 Nf6 3. b3 d5 4. Bb2 Be7 5. Qc2 O-O 6. e3 c5 7. Nc3 Nc6 8. a3 d4 9. exd4 cxd4 10. Ne4 e5 11. Bd3 g6 12. Nxf6+ Bxf6 13. O-O Bg7 14. Be4 f5 15. Bd5+ Kh8 16. d3 Ne7 17. Rfe1 Nxd5 18. cxd5 Qxd5 19. Qc7 Rf7 20. Qc4 Be6 21. Nxe5 Re7 22. Qxd5 Bxd5 23. Nxg6+ hxg6 24. Rxe7 Kg8 25. Rc1 Rd8 26. Rec7 Bc6 27. b4 a6 28. R7xc6 bxc6 29. Rxc6 a5 30. b5 a4 31. Kf1 Rd5 32. Rxg6 Kf7 33. Rb6 Be5 34. g3 Rc5 35. Rb7+ Ke6 36. Rb6+ Kd5 37. Rc6 Rxb5 38. Rc2 Rb3 39. Ke2 Bd6 40. Bc1 Bxa3 41. Bxa3 Rxa3 42. h4 Rb3 43. Rc4 a3 44. Ra4 Rb2+ 45. Kf3 a2 46. h5 Kc5 47. h6 Kb5 48. Ra8 Rb1 49. Rxa2 Rh1 50. Re2 Rxh6 51. Re5+ Kb4 52. Rxf5 Kc3 53. Ke4 Re6+ 54. Kf3 Kxd3 55. g4 Kc4 56. Rf8 d3 57. Rd8 Kc3 58. g5 d2 59. Kg4 Kc2 60. f4 Re8 61. Rd7 Re7 62. Rd5 d1=Q+ 63. Rxd1 Kxd1 64. f5 Ke2 65. f6 Re4+ 66. Kf5 Kf3 67. g6 Rf4+ 68. Ke5 Re4+ 69. Kf5 Rf4+ 70. Ke6 Re4+ 71. Kd7 Rg4 72. g7 Ke4 73. Ke7 Ke5 74. Kf7 Kf5 75. Ke7 Ke5 76. Kf7 Kf5 77. g8=Q Rxg8 78. Kxg8 Kxf6 1/2-1/2


[Site "https://www.chess.com"]

[Event "Titled Tuesday Blitz April 05 Early 2022"]
[White "Cagara, Paulina"]
[Black "Heinemann, Josefine"]
[WhiteFideId "1124870"]
[BlackFideId "12900460"]
[WhiteElo "1780"]
[BlackElo "2300"]
[Result "1-0"]
[Round "02"]
[TimeControl "180+1"]
[Date "2022.04.05"]
[WhiteClock "0:02:09"]
[BlackClock "0:00:08"]

1. e4 e6 2. d4 d5 3. Nc3 Nf6 4. e5 Nfd7 5. f4 c5 6. Nf3 Nc6 7. Be3 Be7 8. Qd2 O-O 9. Be2 a6 10. O-O b5 11. Nd1 cxd4 12. Nxd4 Nxd4 13. Bxd4 Nc5 14. Nf2 Bb7 15. c3 Rc8 16. Qe3 Qc7 17. b4 Na4 18. Rac1 Bc6 19. Bd3 Bd7 20. Ng4 a5 21. Nf6+ Bxf6 22. exf6 g6 23. Qh3 h5 24. Qh4 axb4 25. Qg5 Kh7 26. Qxh5+ Kg8 1-0


[Site "https://www.chess.com"]

[Event "Titled Tuesday Blitz April 05 Early 2022"]
[White "Chen, Qi b"]
[Black "Vasquez Schroeder, Rodrigo"]
[WhiteFideId "8614733"]
[BlackFideId "3400042"]
[WhiteElo "2432"]
[BlackElo "2561"]
[Result "1/2-1/2"]
[Round "02"]
[TimeControl "180+1"]
[Date "2022.04.05"]
[WhiteClock "0:00:18"]
[BlackClock "0:01:08"]

1. e4 c5 2. Nf3 d6 3. d4 cxd4 4. Nxd4 Nf6 5. Nc3 a6 6. Rg1 e5 7. Nb3 Be6 8. g4 h6 9. h4 d5 10. exd5 Nxd5 11. Nxd5 Qxd5 12. Qxd5 Bxd5 13. Be3 Nc6 14. O-O-O O-O-O 15. Bb6 Rd7 16. Bd3 Be6 17. Nc5 Bxc5 18. Bxc5 Kc7 19. a3 f6 20. Rde1 g5 21. f3 Bd5 22. Ref1 b6 23. Be3 a5 24. Rh1 Rdd8 25. Rh3 Rhe8 26. Be4 Rd6 27. hxg5 hxg5 28. Rh7+ Re7 29. Rfh1 Red7 30. Rxd7+ Rxd7 31. Rh6 Bxe4 32. fxe4 Rf7 33. Rh8 Na7 34. c4 Nc8 35. c5 bxc5 36. Bxc5 Nd6 37. Bxd6+ Kxd6 38. Ra8 Rc7+ 39. Kd2 Rc4 40. Kd3 Rd4+ 41. Ke3 a4 42. Ra6+ Ke7 43. Rb6 Rc4 44. Rb4 Rc2 45. Rb7+ Ke6 46. Rb6+ Kf7 47. Rb7+ Kg6 48. Rb4 Kf7 49. Rb7+ Ke6 50. Rb6+ Ke7 51. Rb7+ Ke6 1/2-1/2


[Site "https://www.chess.com"]

[Event "Titled Tuesday Blitz April 05 Early 2022"]
[White "Cori T., Deysi"]
[Black "Nogerbek, Kazybek"]
[WhiteFideId "3801934"]
[BlackFideId "13710427"]
[WhiteElo "2341"]
[BlackElo "2466"]
[Result "1/2-1/2"]
[Round "02"]
[TimeControl "180+1"]
[Date "2022.04.05"]
[WhiteClock "0:01:05"]
[BlackClock "0:02:02"]

1. d4 Nf6 2. Nf3 g6 3. g3 Bg7 4. Bg2 O-O 5. O-O d6 6. b3 a6 7. Bb2 b5 8. c4 Bb7 9. Re1 Nbd7 10. Nc3 Ne4 11. Qc2 Nxc3 12. Bxc3 Rb8 13. Rad1 Bxf3 14. Bxf3 c5 15. cxb5 axb5 16. dxc5 Bxc3 17. Qxc3 Nxc5 18. h4 h5 19. Rd5 b4 20. Qd2 Ne6 21. Bxh5 gxh5 22. Rg5+ Ng7 23. Rxg7+ Kxg7 24. Qg5+ Kh7 25. Qxh5+ Kg7 26. Qg5+ Kh7 1/2-1/2


[Site "https://www.chess.com"]

[Event "Titled Tuesday Blitz April 05 Early 2022"]
[White "Coto Mederos, Michel"]
[Black "Korchmar, Vasiliy"]
[WhiteFideId "3508528"]
[BlackFideId "24131750"]
[WhiteElo "2532"]
[BlackElo "2755"]
[Result "0-1"]
[Round "02"]
[TimeControl "180+1"]
[Date "2022.04.05"]
[WhiteClock "0:00:06"]
[BlackClock "0:00:06"]

1. c4 c6 2. Nf3 d5 3. e3 Nf6 4. Nc3 e6 5. b3 Bd6 6. Bb2 O-O 7. Qc2 e5 8. cxd5 cxd5 9. Nb5 Nc6 10. Nxd6 Qxd6 11. d4 Ne4 12. Nxe5 Qb4+ 13. Kd1 Nxe5 14. dxe5 Bf5 15. a3 Qb6 16. Bd4 Qg6 17. Qb2 Rac8 18. f3 Nc5 19. g4 Bd3 20. Bxc5 Rxc5 21. Qd4 Bc2+ 22. Ke1 Rfc8 23. Rc1 R5c6 24. Bb5 Rc5 25. Be2 b6 26. b4 Rc3 27. Kf2 Rxa3 28. h4 h5 29. Rhg1 Ra2 30. e6 fxe6 31. gxh5 Qh6 32. Rg5 Rf8 33. Rcg1 Rf7 34. Qd2 Bb3 35. Qc3 Bc4 36. Re1 Qh7 37. Qd4 Qh6 38. Qe5 Qf6 39. Qb8+ Kh7 40. h6 Qxf3+ 41. Kg1 Qf2+ 42. Kh1 Qxe1+ 43. Rg1 Qxh4+ 44. Kg2 Rxe2# 0-1


[Site "https://www.chess.com"]

[Event "Titled Tuesday Blitz April 05 Early 2022"]
[White "Darini, Pouria"]
[Black "Sergienko, Sergey"]
[WhiteFideId "12502200"]
[BlackFideId "4115791"]
[WhiteElo "2703"]
[BlackElo "2280"]
[Result "1/2-1/2"]
[Round "02"]
[TimeControl "180+1"]
[Date "2022.04.05"]
[WhiteClock "0:00:10"]
[BlackClock "0:00:12"]

1. d4 Nf6 2. Bg5 e6 3. Nd2 h6 4. Bxf6 Qxf6 5. c3 d5 6. e3 Qe7 7. f4 g6 8. Ngf3 Nd7 9. Bd3 Bg7 10. Qe2 O-O 11. h4 h5 12. g4 hxg4 13. Ne5 Nxe5 14. fxe5 f5 15. exf6 Qxf6 16. O-O-O Bd7 17. Rdf1 Qe7 18. Qxg4 Rxf1+ 19. Rxf1 Rf8 20. Rxf8+ Qxf8 21. Bxg6 Qf2 22. Kc2 Qxe3 23. h5 c5 24. dxc5 Bb5 25. Qf3 Qxf3 26. Nxf3 Be2 27. Nd4 Bg4 28. c6 bxc6 29. Nxc6 a6 30. b4 Kf8 31. Nb8 Be2 32. a4 Ke7 33. Kd2 Bf1 34. Bd3 Bh6+ 35. Kc2 Bh3 36. Bxa6 Bg4 37. a5 Kd6 38. Bb7 Kc7 39. Nc6 Kxb7 40. Nd8+ Ka6 41. Nf7 Bf4 42. h6 Bf5+ 43. Kb3 e5 44. Nd6 Bh7 45. Ka4 Bc2+ 46. Ka3 Bxh6 47. Nf7 Bf4 48. Nd8 e4 49. Nc6 e3 50. b5+ Kxb5 51. Nd4+ Kxa5 52. Nxc2 Kb5 53. Kb3 e2 54. Nd4+ Kc5 55. Nxe2 Be5 56. Kc2 Bxc3 57. Kxc3 d4+ 58. Kd3 Kd5 59. Ng3 Kd6 60. Nf1 Kc7 61. Nd2 Kb8 62. Nb3 Kc8 63. Nxd4 1/2-1/2


[Site "https://www.chess.com"]

[Event "Titled Tuesday Blitz April 05 Early 2022"]
[White "De Arruda, Leandro Formes"]
[Black "Zlatin, Alexander"]
[WhiteFideId "22722009"]
[BlackFideId "2810549"]
[WhiteElo "1852"]
[BlackElo "2228"]
[Result "0-1"]
[Round "02"]
[TimeControl "180+1"]
[Date "2022.04.05"]
[WhiteClock "0:00:23"]
[BlackClock "0:01:06"]

1. d4 d5 2. e3 e6 3. Nf3 c5 4. c3 Nc6 5. Bd3 Nf6 6. Nbd2 Be7 7. O-O O-O 8. Ne5 Qc7 9. f3 Nxe5 10. dxe5 Qxe5 11. Re1 Qc7 12. Qe2 Bd6 13. h3 e5 14. e4 c4 15. Bc2 Be6 16. exd5 Bxd5 17. Nf1 Rfe8 18. Bg5 Nh5 19. Rad1 Bc5+ 20. Kh1 Qc6 21. Kh2 h6 22. Be3 Nf4 23. Qd2 Bxe3 24. Nxe3 Be6 25. Qf2 Rad8 26. Qg3 f6 27. Be4 Qb6 28. Bf5 Rxd1 29. Rxd1 Qxe3 30. Bxe6+ Nxe6 31. Rd7 Qf4 0-1


[Site "https://www.chess.com"]

[Event "Titled Tuesday Blitz April 05 Early 2022"]
[White "Decuigniere, Tom"]
[Black "Polok, Kacper"]
[WhiteFideId "26093820"]
[BlackFideId "1137158"]
[WhiteElo "1997"]
[BlackElo "2224"]
[Result "0-1"]
[Round "02"]
[TimeControl "180+1"]
[Date "2022.04.05"]
[WhiteClock "0:00:02"]
[BlackClock "0:00:12"]

1. d4 e6 2. Bf4 g5 3. Bg3 h5 4. h4 g4 5. Nd2 b6 6. e4 Bb7 7. Bd3 Ne7 8. Ne2 Ng6 9. Nf4 Nxf4 10. Bxf4 Bg7 11. c3 d6 12. Qe2 Nd7 13. Bg5 f6 14. Be3 Qe7 15. O-O-O O-O-O 16. f3 Rdg8 17. Rhf1 Bh6 18. f4 e5 19. fxe5 fxe5 20. g3 Rf8 21. Nc4 exd4 22. cxd4 Re8 23. d5 Ne5 24. Bxh6 Rxh6 25. Ne3 Nxd3+ 26. Qxd3 Qxe4 27. Qxe4 Rxe4 28. Rf8+ Kd7 29. Nf5 Rh7 30. Rd2 Ba6 31. Nd4 Rhe7 32. Ne6 Re8 33. Rf7+ Re7 34. Rf8 R7xe6 35. dxe6+ Kxe6 36. Rdf2 Bc4 37. b3 Bd5 38. Kd2 c5 39. R8f6+ Ke7 40. R6f5 Be6 41. Rxh5 d5 42. Rh7+ Kd6 43. Rxa7 d4 44. Rb7 Kc6 45. Re7 Kd6 46. Rg7 Re3 0-1


[Site "https://www.chess.com"]

[Event "Titled Tuesday Blitz April 05 Early 2022"]
[White "Demin, Vladimir"]
[Black "Lakshmi C"]
[WhiteFideId "4167457"]
[BlackFideId "25035347"]
[WhiteElo "2471"]
[BlackElo "1775"]
[Result "1-0"]
[Round "02"]
[TimeControl "180+1"]
[Date "2022.04.05"]
[WhiteClock "0:00:45"]
[BlackClock "0:00:01"]

1. e4 c5 2. Nf3 Nc6 3. c3 e5 4. Bc4 Be7 5. d4 d6 6. dxe5 dxe5 7. Qxd8+ Bxd8 8. Be3 Be7 9. Bd5 f6 10. O-O Bd7 11. a3 Bd6 12. Nbd2 Nh6 13. Nc4 Be7 14. Bxh6 gxh6 15. Ne3 h5 16. Nh4 O-O-O 17. Nhf5 Bf8 18. f3 Kb8 19. Rfd1 Kc7 20. Bxc6 bxc6 21. Kf2 Rg8 22. h3 Be6 23. Rxd8 Kxd8 24. Rd1+ Kc7 25. c4 Rg6 26. g4 hxg4 27. fxg4 Bh6 28. Nxh6 Rxh6 29. Kg3 Rg6 30. b3 Rg8 31. Rf1 Rg6 32. Nf5 Kd7 33. Rd1+ Ke8 34. Nd6+ Ke7 35. Nb7 Kf7 36. Nxc5 Rg8 37. Rd6 Bc8 38. Rxc6 Re8 39. Rc7+ Kg6 40. h4 h5 41. gxh5+ Kxh5 42. Rg7 Rd8 43. Rh7+ Kg6 44. Rxa7 Rd1 45. b4 Rg1+ 46. Kf2 Rg4 47. b5 Rf4+ 48. Ke3 Rxh4 49. b6 Rh3+ 50. Kd2 1-0


[Site "https://www.chess.com"]

[Event "Titled Tuesday Blitz April 05 Early 2022"]
[White "Diaz Rosas, Julio Cesar"]
[Black "Miszler, Levente"]
[WhiteFideId "5105099"]
[BlackFideId "763276"]
[WhiteElo "2278"]
[BlackElo "1966"]
[Result "1-0"]
[Round "02"]
[TimeControl "180+1"]
[Date "2022.04.05"]
[WhiteClock "0:02:09"]
[BlackClock "0:02:04"]

1. d4 e6 2. c4 Nf6 3. Nc3 d5 4. cxd5 exd5 5. e3 c6 6. Bd3 Bd6 7. Qc2 h6 8. Nge2 Be6 9. O-O Nbd7 10. Bd2 Qc7 11. h3 O-O 12. Rab1 Rfe8 13. b4 Rac8 14. Nf4 b6 15. Rfe1 c5 16. Nb5 Qb8 17. bxc5 bxc5 18. Nxe6 Rxe6 19. Bf5 Re7 20. Rec1 c4 21. Nxd6 Qxd6 22. Bb4 1-0


[Site "https://www.chess.com"]